 Dungeon Crawl Stone Soup version 0.30.1-11-g7821555f0a (webtiles) character file.

Game seed: 13947655127500165809

16 Peloso the Shield-Bearer (level 2, 27/27 HPs)
             Began as a Minotaur Fighter on Nov 11, 2023.
             Got out of the dungeon alive.
             The game lasted 00:01:04 (1021 turns).

Peloso the Shield-Bearer (Minotaur Fighter)         Turns: 1021, Time: 00:01:05

Health: 27/27      AC:  7    Str: 20    XL:     2   Next: 41%
Magic:  1/1        EV:  9    Int:  5    God:
Gold:   15         SH:  4    Dex:  9    Spells: 1/1 levels left

rFire   x . .        a - +0 long sword
rCold   x . .        c - +0 buckler
rNeg    . . .        b - +0 scale mail
rPois   .            (helmet restricted)
rElec   .            (no cloak)
rCorr   .            (no gloves)
SInv    .            (no boots)
Will    .....        (no amulet) Stlth
                     (no ring)
HPRegen 0.24/turn    (no ring)
MPRegen 0.07/turn

%: clarity
@: no status effects
A: horns 2, retaliatory headbutt, clarity, cold vulnerability 1, heat
vulnerability 1
a: no special abilities


You escaped.
You visited 1 branch of the dungeon, and saw 1 of its levels.

You collected 15 gold pieces.

Inventory:

Hand Weapons
 a - a +0 long sword (weapon)
Armour
 b - a +0 scale mail (worn)
 c - a +0 buckler (worn)
Scrolls
 e - 2 scrolls of identify
 f - a scroll of amnesia {unknown}
 h - a scroll of noise {unknown}
 k - a scroll of teleportation {unknown}
Potions
 d - a potion of might
 g - a potion of curing {unknown}
 j - a potion of haste


   Skills:
 + Level 3.6 Fighting
 + Level 2.5 Long Blades
 + Level 4.0 Armour
 + Level 4.2 Shields


You had one spell level left.
You didn't know any spells.
Your spell library contained the following spells:

 Spells                   Type           Power      Damage    Failure   Level
 Cigotuvi's Dreadful Rot  Necr/Pois/Air  0%         N/A       95%         2
 Ignite Poison            Fire/Tmut/Pois 0%         N/A       99%         3
 Freezing Cloud           Conj/Ice/Air   0%         6-21      100%        5


Dungeon Overview and Level Annotations

Branches:
Dungeon (1/15)

Altars:


Innate Abilities, Weirdness & Mutations

You have a pair of horns on your head.
You reflexively headbutt those who attack you in melee.
You possess an exceptional clarity of mind.
You are vulnerable to cold. (rC-)
You are vulnerable to heat. (rF-)


Message History

You are frozen.
You barely miss the endoplasm. The endoplasm freezes you.
You are frozen.
You slash the endoplasm!
You kill the endoplasm!
Your Armour skill increases to level 4!
k - a scroll labelled YMUNTI YBRIWIG
There is an open door here.
There is an open door here.
There is an open door here.
There is an open door here.
There is an open door here.
There is an open door here.
There is an open door here.
You open the door.
There is an open door here.
Done exploring.
Done exploring.
Done exploring.
As you read the scroll labelled OGOGAM NOTIPS, it crumbles to dust.
It is a scroll of identify.
j - a potion of haste It was a potion of mutation.
You feel extremely strange.
Your thoughts seem clearer.
You feel stronger.
You feel resistant to poisons.
You have 15 gold pieces.
Really quaff the potion of mutation?
You feel extremely strange.
You feel less resistant to poisons.
You feel weaker.
You feel vulnerable to cold.
You feel vulnerable to heat.
(D) Dungeon
Where to? (? - help)
What level of the Dungeon? (default 1, ? - help)
There is an open door here.
There is an open door here.
There is an open door here.
There is an open door here.
There is a staircase leading out of the dungeon here.
Are you sure you want to leave the Dungeon?
This will make you lose the game!
You have escaped!

.# ###.# #.......... ##
#...####...#####.# ####
#'#....'....# #^# ...#
#.######....# #.. ...# #'#
#....####.. ...# #.#
#.......... ...######## ##'##
#.......###
..........#####...#####.......#
...######.'.'.'.@.'.+.'..##...#
...# #######...######.##...#
...# ##'#######.##...### ...#
#.##.......'...... ####
#'##.#######...### #.##.# #...#
#'##.# #...# #....# #####
######


There were no monsters in sight!

Vanquished Creatures
  2 ball pythons (D:1)
  3 endoplasms (D:1)
  A giant cockroach (D:1)
  A goblin (D:1)
  2 quokkas (D:1)
  A bat (D:1)
  4 kobolds (D:1)
  A rat (D:1)
15 creatures vanquished.

Notes
Turn   | Place    | Note
-------+----------+-------------------------------------------
     0 | D:1      | Peloso the Minotaur Fighter began the quest for the Orb.
     0 | D:1      | Reached XP level 1. HP: 19/19 MP: 0/0
   249 | D:1      | Reached XP level 2. HP: 21/27 MP: 1/1
   947 | D:1      | Gained mutation: You possess an exceptional clarity of
                  | mind. [potion of mutation]
   947 | D:1      | Gained mutation: Your muscles are strong. (Str +4, Int/Dex
                  | -1) [potion of mutation]
   947 | D:1      | Gained mutation: Your system is resistant to poisons.
                  | (rPois) [potion of mutation]
   948 | D:1      | Lost mutation: Your system is resistant to poisons. (rPois)
                  | [potion of mutation]
   948 | D:1      | Lost mutation: Your muscles are strong. (Str +4, Int/Dex
                  | -1) [potion of mutation]
   948 | D:1      | Gained mutation: You are vulnerable to cold. (rC-) [potion
                  | of mutation]
   948 | D:1      | Gained mutation: You are vulnerable to heat. (rF-) [potion
                  | of mutation]
  1021 | D:$      | Got out of the dungeon alive.

Illustrated notes

Levels and vault maps discovered:
D:1:      minmay_arrival_doors, layout_basic, st_stairs_13

Skill      XL: |  1  2 |
---------------+-------+-----
Shields        | 4 |  4.2
Armour         | 4 |  4.0
Fighting       | |  3.6
Long Blades    | |  2.5

Action                     || total
---------------------------++-------
  Melee: Long sword        ||    33
         Headbutt          ||     2
    Use: Potion            ||     2
         Scroll            ||     1
 Armour: Scale mail        ||    12
  Dodge: Dodged            ||    15
  Block: Buckler           ||     3
